 Seeded DCSS version 0.29.1-1-gd02db6906a (webtiles) character file.

Game seed: 8800239265270809476 (custom seed)

5352 GigaChad the Fighter (level 10, -2/104 HPs)
             Began as a Minotaur Fighter on Sept 27, 2022.
             Was a Believer of Ashenzari.
             Killed from afar by an electric eel (8 damage)
             ... with a bolt of electricity
             ... on level 10 of the Dungeon.
             The game lasted 00:19:45 (9646 turns).

GigaChad the Fighter (Minotaur Fighter)             Turns: 9646, Time: 00:19:47

Health: -2/104     AC: 13    Str: 24    XL:     10   Next: 38%
Magic:  9/9        EV:  8    Int:  5    God:    Ashenzari [**....]
Gold:   394        SH:  5    Dex: 15    Spells: 9/9 levels left

rFire   . . .      SeeInvis +   d - +6 quick blade "Stellar Burden" {elec, Will+ Dex+4, Cun, Self} (curse)
rCold   . . .      Faith    +   b - +0 buckler of the Mantic Fetters {Comp, Alch} (curse)
rNeg    . . .      Spirit   .   s - +0 chain mail of the Cosmic Seer {Elem, Fort} (curse)
rPois   .          Reflect  .   (helmet restricted)
rElec   .          Harm     .   (no cloak)
rCorr   +          Rampage  .   (no gloves)
Will    +....                   (no boots)
Stlth   ..........              E - amulet of the Elysian Sage {Faith rCorr, Alch, Elem} (curse)
HPRegen 0.27/turn               (no ring)
MPRegen 0.11/turn               (no ring)

@: no status effects
A: horns 2, retaliatory headbutt
a: Renounce Religion, Curse Item, Shatter the Chains


You were on level 10 of the Dungeon.
You worshipped Ashenzari.
Ashenzari was pleased with you.
You visited 2 branches of the dungeon, and saw 11 of its levels.

You collected 394 gold pieces.

Inventory:

Hand Weapons
 d - the cursed +6 quick blade "Stellar Burden" (weapon) {elec, Will+ Dex+4, Cun, Self}
   (You acquired it on level 1 of the Dungeon)

   It occasionally discharges a powerful burst of electricity upon striking a
   foe.
   Dex:       It affects your dexterity (+4).
   Will:      It increases your willpower.
   It has a curse which improves the following skills: Cunning: Dodging and
   Stealth.
   Introspection: Fighting and Spellcasting.
 n - a +4 short sword of freezing
 t - a +0 shortbow
 B - a +5 long sword
 C - a +2 scimitar
 D - a +2 great sword
 I - a +3 great sword
 N - a -2 vorpal halberd
 O - a +0 demon blade of venom
 P - a +1 spectral quarterstaff
Armour
 a - a +0 scale mail
 b - the cursed +0 buckler of the Mantic Fetters (worn) {Comp, Alch}

   It has a curse which improves the following skills: Companions: Summonings
   and Necromancy.
   Alchemy:   Poison Magic and Transmutations.
 s - the cursed +0 chain mail of the Cosmic Seer (worn) {Elem, Fort}
   (You found it on level 5 of the Dungeon)

   It has a curse which improves the following skills: Elements: Fire Magic, Ice
   Magic, Air Magic and Earth Magic.
   Fortitude: Armour and Shields.
 u - a +0 cloak
 L - a +0 plate armour
 M - the +4 robe of Augmentation {Str+4 Int+4 Dex+4}
   (You found it on level 9 of the Dungeon)

   Str:       It affects your strength (+4).
   Int:       It affects your intelligence (+4).
   Dex:       It affects your dexterity (+4).
Jewellery
 E - the cursed amulet of the Elysian Sage (around neck) {Faith rCorr, Alch, Elem}
   (You took it off a wight on level 7 of the Dungeon)

   [amulet of faith]

   It allows you to gain divine favour quickly.
   rCorr:     It protects you from acid and corrosion.
   It has a curse which improves the following skills: Alchemy: Poison Magic and
   Transmutations.
   Elements:  Fire Magic, Ice Magic, Air Magic and Earth Magic.
Wands
 j - a wand of paralysis (10)
 y - a wand of flame (45)
Scrolls
 i - a scroll of enchant weapon
 l - 3 scrolls of butterflies
 m - a scroll of teleportation
 q - a scroll of vulnerability
 r - 2 scrolls of enchant armour
 v - a scroll of blinking
 w - a scroll of magic mapping
 x - a scroll of immolation
 A - a scroll of poison
 F - a scroll of fear
 G - a scroll of amnesia
 H - a scroll of brand weapon
 K - a scroll of silence
Potions
 c - 2 potions of might
 e - 2 potions of degeneration
 f - 2 potions of heal wounds
 g - 2 potions of invisibility
 h - a potion of mutation
 k - 8 potions of curing
 o - a potion of berserk rage
 p - a potion of flight
 z - 2 potions of haste
 J - a potion of brilliance


   Skills:
 - Level 13.4(14.5) Fighting
 - Level 2.4 Short Blades
 - Level 0.4 Throwing
 + Level 12.8(13.9) Armour
 - Level 0.1(0.3) Dodging
 - Level 4.5(5.7) Shields
 - Level 2.5 Unarmed Combat


You had 9 spell levels left.
You didn't know any spells.
Your spell library contained the following spells:

 Spells                   Type           Power      Damage    Failure   Level
 Freeze                   Ice            0%         1d3       95%         1
 Sublimation of Blood     Necr           0%         N/A       99%         2
 Frozen Ramparts          Ice            0%         1d1       100%        3
 Inner Flame              Hex/Fire       0%         N/A       100%        3
 Anguish                  Hex/Necr       0%         N/A       100%        4
 Cause Fear               Hex            0%         N/A       100%        4
 Hailstorm                Conj/Ice       0%         3d3       100%        4
 Petrify                  Tmut/Erth      0%         N/A       100%        4
 Irradiate                Conj/Tmut      0%         3d11      100%        5
 Enfeeble                 Hex            0%         N/A       100%        7
 Discord                  Hex            0%         N/A       100%        8


Dungeon Overview and Level Annotations

Branches:
Dungeon (10/15)            Temple (1/1) D:4
   Lair: D:8-11         Orc: D:9-12

Altars:
Ashenzari
Dithmenos
Kikubaaqudgha
Nemelex Xobeh
Qazlal
Ru
Trog
Xom
The Shining One

Shops:
D:9 !

Annotations:
D:9 Amaemon


Innate Abilities, Weirdness & Mutations

You have a pair of horns on your head.
You reflexively headbutt those who attack you in melee.


Message History

The bolt of electricity hits you!
The electric eel shoots out a bolt of lightning at you!
The bolt of electricity hits the electric eel.
The electric eel completely resists.
The bolt of electricity hits you! x2
* * * LOW HITPOINT WARNING * * *
The bolt of electricity hits the electric eel.
The electric eel completely resists.
The bolt of electricity hits the electric eel.
The electric eel completely resists.
You hit the electric eel.
The electric eel is lightly wounded.
The electric eel shoots out a bolt of lightning at you!
The bolt of electricity misses the electric eel.
The bolt of electricity hits you.
* * * LOW HITPOINT WARNING * * *
The bolt of electricity hits you.
* * * LOW HITPOINT WARNING * * *
The bolt of electricity hits the electric eel.
The electric eel completely resists.
The bolt of electricity hits the electric eel.
The electric eel completely resists.
You hit the electric eel.
The electric eel is moderately wounded.
You barely miss the electric eel.
The electric eel is moderately wounded.
You hit the electric eel.
The electric eel is heavily wounded.
The electric eel shoots out a bolt of lightning at you!
The bolt of electricity hits you.
* * * LOW HITPOINT WARNING * * *
You barely miss the electric eel.
The electric eel is heavily wounded.
You closely miss the electric eel.
The electric eel is heavily wounded.
The electric eel shoots out a bolt of lightning at you!
The bolt of electricity hits you!
* * * LOW HITPOINT WARNING * * *
The electric eel shoots out a bolt of lightning at you!
The bolt of electricity hits you!
You die...

#.#** * * *** #.# ** #.#
, #.# , #.####### *
#######.#.....# *
#≈........#'#.#
#≈......#.#.#.# * *
*#≈~S@##.#.#.#.#####>#
#≈≈≈S.##...#.#.).....#
#≈≈≈~.##..##.##...#..#
#≈≈≈≈~.##..#...#..##..*
*#≈≈≈~~~##..#._.#.###..,
#≈≈≈≈≈≈.###.#...#.# #.#*
≈≈≈≈≈~~.# .##.##.# #.#
≈≈≈≈~...# * #.#..# #.#
,,#.#..###.##


You could see 2 electric eels.

Vanquished Creatures
  Pikel (D:6)
  Joseph (D:10)
  Prince Ribbit (D:6)
  A wyvern (D:7)
  4 yaks (D:9)
  Grum (D:9)
  A water moccasin (D:8)
  An orc warrior (D:7)
  A sky beast (D:6)
  3 wolves (D:9)
  2 centaurs
  2 phantoms
  A lemure (D:6)
  3 necrophages
  A scorpion (D:5)
  4 bullfrogs
  22 wights
  9 killer bees
  A crimson imp (D:4)
  4 hounds
  2 orc priests
  A jelly (D:5)
  3 iguanas
  9 orc wizards
  An adder (D:3)
  A shadow imp (D:8)
  2 white imps
  An ufetubus (D:5)
  3 worms
  6 dart slugs
  21 orcs
  5 ball pythons
  7 endoplasms
  3 giant cockroaches
  6 goblins
  7 hobgoblins
  A jackal (D:1)
  4 kobolds
  5 quokkas
  3 bats
  7 frilled lizards
  A goblin skeleton (D:4)
  5 hobgoblin zombies (D:4)
  A kobold skeleton (D:4)
  2 kobold zombies (D:4)
  An orc skeleton (D:4)
  An orc zombie (D:4)
  4 rats
177 creatures vanquished.

Vanquished Creatures (others)
  An orc wizard (D:6)
1 creature vanquished.

Grand Total: 178 creatures vanquished

Notes
Turn   | Place    | Note
-------+----------+-------------------------------------------
     0 | D:1      | GigaChad the Minotaur Fighter began the quest for the Orb.
     0 | D:1      | Reached XP level 1. HP: 19/19 MP: 0/0
    42 | D:1      | Identified a scroll of acquirement
    42 | D:1      | Acquired the +6 quick blade of Cheibriados, Kissing {elec,
                  | Will+ Dex+4}
    76 | D:1      | Reached skill level 4 in Fighting
    76 | D:1      | Reached XP level 2. HP: 19/27 MP: 1/1
   626 | D:1      | Reached XP level 3. HP: 32/33 MP: 2/2
   708 | D:1      | You fall into a shaft and drop 1 floor!
  1185 | D:3      | Reached skill level 1 in Short Blades
  1276 | D:3      | Reached XP level 4. HP: 37/41 MP: 3/3
  1741 | D:3      | Found a faded altar of an unknown god.
  2016 | D:4      | Found a staircase to the Ecumenical Temple.
  2037 | Temple   | Entered the Ecumenical Temple
  2076 | Temple   | Became a worshipper of Ashenzari the Shackled
  2292 | D:4      | Found a glowing golden altar of the Shining One.
  2301 | D:4      | Reached XP level 5. HP: 44/47 MP: 4/4
  2894 | D:4      | Reached skill level 5 in Fighting
  2996 | D:5      | Entered Level 5 of the Dungeon
  3046 | D:5      | Noticed a centaur
  3059 | D:5      | Killed a centaur
  3060 | D:5      | Reached skill level 6 in Fighting
  3060 | D:5      | Reached XP level 6. HP: 47/60 MP: 5/5
  3195 | D:5      | Reached skill level 7 in Fighting
  3216 | D:5      | Reached * piety under Ashenzari
  3269 | D:5      | Reached skill level 8 in Fighting
  3269 | D:5      | Reached XP level 7. HP: 58/69 MP: 6/6
  3355 | D:5      | Found a bloodstained altar of Trog.
  3720 | D:6      | Noticed Prince Ribbit
  3738 | D:6      | Killed Prince Ribbit
  3739 | D:6      | Reached skill level 9 in Fighting
  3884 | D:6      | Reached skill level 10 in Fighting
  4012 | D:6      | Reached XP level 8. HP: 74/82 MP: 7/7
  4106 | D:6      | Reached skill level 11 in Fighting
  4107 | D:6      | Found a stormy altar of Qazlal.
  4265 | D:6      | Reached skill level 12 in Fighting
  4606 | D:6      | Noticed Pikel
  4619 | D:6      | Killed Pikel
  4620 | D:6      | Reached skill level 13 in Fighting
  4620 | D:6      | Reached XP level 9. HP: 64/95 MP: 8/8
  4635 | D:6      | Reached ** piety under Ashenzari
  4885 | D:7      | Found a shadowy altar of Dithmenos.
  4893 | D:7      | Reached skill level 5 in Armour
  5175 | D:7      | Identified the amulet "Qapus" {Faith rCorr}
  7050 | D:8      | Reached skill level 10 in Armour
  7685 | D:9      | Found the +4 robe of Augmentation {Str+4 Int+4 Dex+4}
  7729 | D:9      | Noticed Grum
  7761 | D:9      | Killed Grum
  7762 | D:9      | Reached XP level 10. HP: 31/104 MP: 9/9
  8978 | D:9      | Found Giawuxos's Distillery.
  9041 | D:9      | Noticed an orange demon
  9041 | D:9      | Noticed Amaemon
  9072 | D:10     | Entered Level 10 of the Dungeon
  9126 | D:10     | Found a sacrificial altar of Ru.
  9142 | D:10     | Noticed Joseph
  9154 | D:10     | Killed Joseph
  9646 | D:10     | Killed from afar by an electric eel

Illustrated notes

Levels and vault maps discovered:
D:1:      minmay_arrival_widening_spiral_wide, layout_rooms,
          serial_bayou_pond_b, minmay_crystal_room, st_stairs_3
D:2:      layout_basic, hex_tiny, minmay_tetromino_o2
D:3:      layout_rooms, hellmonk_ecumenical_altar_inner_sanctum, st_stairs_8,
          grunt_ministairs_6
D:4:      layout_cave_pods, nicolae_tso_besieged_by_evil,
          minmay_temple_entry_arrows
D:5:      layout_rooms, kennysheep_little_box
D:6:      layout_basic, general_overflow_altar, chequers_ossuary_entry_cave,
          minmay_a_box_with_orc_wizards_in_it, uniq_pikel, uniq_prince_ribbit1
D:7:      layout_basic, lemuel_crystal_altar
D:8:      layout_loops_corners
D:9:      layout_basic, serial_shops, shop, uniq_amaemon, uniq_grum
D:10:     statuecave_lemuel, layout_loops_ring,
          mainiacjoe_overflow_surrounded_room, erik_lair_orcish_takeover,
          david_orc_2, serial_rivers, chequers_serial_rivers_room_a,
          chequers_serial_rivers_marsh, chequers_serial_rivers_small_b,
          chequers_serial_rivers_room_a, minivault_20, uniq_snorg, uniq_joseph,
          uniq_psyche
Temple:   bh_familiar_temple

Skill      XL: |  1  2  3  4  5  6  7  8  9 10 |
---------------+-------------------------------+-----
Fighting       | 4 6 8 10 13 | 13.4
Shields        | 4 |  4.5
Armour         | 4 11 12 | 12.8
Short Blades   | 1 2 |  2.4
Throwing       | |  0.4
Dodging        | |  0.1
Unarmed Combat | |  2.5

Action                   |  1- 3 |  4- 6 |  7- 9 | 10-12 || total
-------------------------+-------+-------+-------+-------++-------
Melee: Quick blade       |    73 |    97 |   246 |    74 ||   490
       Headbutt          |     5 |    15 |    56 |    14 ||    90
Throw: Throwing net      |     2 |       |       |       ||     2
       Dart              |       |    12 |     3 |       ||    15
Invok: Curse Item        |       |     2 |     2 |       ||     4
  Use: Scroll            |     6 |     4 |       |     2 ||    12
Armor: Scale mail        |    24 |    20 |       |       ||    44
       Chain mail        |       |    20 |    77 |    22 ||   119
Dodge: Dodged            |    25 |    39 |    43 |    19 ||   126
Block: Buckler           |    18 |    25 |    31 |    18 ||    92
